 Dungeon Crawl Stone Soup version 0.22-a0-351-g29664b4 (webtiles) character file.

2493 Serpenta the Cleaver (level 9, -10/63 HPs)
             Began as a Mummy Chaos Knight on Apr 13, 2018.
             Mangled by Joseph
             ... wielding a +0 quarterstaff
              (12 damage)
             ... on level 7 of the Dungeon.
             The game lasted 00:21:11 (10903 turns).

Serpenta the Cleaver (Mummy Chaos Knight)          Turns: 10903, Time: 00:21:11

Health: -10/63     AC: 11    Str: 19    XL:     9   Next: 27%
Magic:  9/9        EV:  4    Int: 11    God:    Xom [......]
Gold:   509        SH: 11    Dex: 11    Spells: 6/8 levels left

rFire    + . .     SeeInvis .   p - +1 hand axe (freeze)
rCold    + . .     Gourm    .   d - +1 shield
rNeg     + + +     Faith    .   r - +0 plate armour
rPois    ∞         Spirit   .   b - +0 helmet
rElec    .         Reflect  .   (no cloak)
rCorr    .         Harm     +   (no gloves)
MR       +....                  (no boots)
Stlth    ..........             c - amulet of harm
HPRegen  0.20/turn              i - ring of protection from fire {god gift}
MPRegen  0.11/turn              g - ring of protection from fire

@: no status effects
A: no food or potions, fire vulnerability, cold resistance 1, negative energy
resistance 3, torment resistance, unbreathing
a: Renounce Religion


You were on level 7 of the Dungeon.
You worshipped Xom.
You were a very special plaything of Xom.
You were not hungry.

You visited 1 branch of the dungeon, and saw 7 of its levels.

You collected 509 gold pieces.


Innate Abilities, Weirdness & Mutations

You do not eat or drink.
Your flesh is vulnerable to fire.
You are immune to poison.
Your flesh is cold resistant. (rC+)
You are immune to negative energy. (rN+++)
You are immune to unholy pain and torment.
You can survive without breathing.


   Skills:
 - Level 3.0 Fighting
 * Level 8.6 Axes
 - Level 1.5 Armour
 - Level 0.7 Dodging
 + Level 6.5 Shields


You had 6 spell levels left.
You knew the following spells:

 Your Spells              Type           Power        Failure   Level  Hunger
b - Blink                 Tloc           N/A          100%        2    N/A

Action                   |  1- 3 |  4- 6 |  7- 9 || total
-------------------------+-------+-------+-------++-------
Melee: Hand axe          |   133 |   193 |   514 ||   840
       War axe           |       |    42 |       ||    42
Throw: Tomahawk          |       |       |     5 ||     5
Evoke: Wand              |       |       |    11 ||    11
  Use: Scroll            |     3 |     4 |     4 ||    11
 Stab: Petrified         |       |     2 |     7 ||     9
       Paralysed         |       |     3 |     7 ||    10
       Confused          |       |       |     2 ||     2
       Petrifying        |       |       |     2 ||     2
Armor: Leather armour    |    29 |     6 |       ||    35
       Chain mail        |       |   113 |    51 ||   164
       Plate armour      |       |       |   131 ||   131
Dodge: Dodged            |    40 |    38 |    68 ||   146
Block: Shield            |    57 |   106 |   308 ||   471

Inventory:

Hand Weapons
 a - a +0 hand axe of chaos
 m - a +0 war axe
 p - a +1 hand axe of freezing (weapon)
Missiles
 n - 15 tomahawks (quivered)
 s - 3 throwing nets
Armour
 b - a +0 helmet (worn)
 d - a +1 shield (worn)
 r - a +0 plate armour (worn)
Jewellery
 c - an amulet of harm (around neck)
 g - a ring of protection from fire (right hand)
 i - a ring of protection from fire (left hand) {god gift}
 j - an uncursed ring of ice
Scrolls
 e - 2 scrolls of enchant armour
 f - a scroll of fog
 h - 3 scrolls of immolation
 k - a scroll of identify
 l - 2 scrolls of enchant weapon
 o - a scroll of remove curse

########## ########
.........# #.....?###
.....###.## #.....%...
..[..# #..###
#......... ....##
##...########.........
....#
###...##.......@.....
....#
###.#..#####.###...
)...## ##b.@## .# .#
.#...#######....@# ..
# .#.#).........##.#
... .#...).........#.#
..$.
(........[.........
#.#
[)........)....bb##
#.(.......[......#
##.(.......>....)..
....(..............
...............#.#.


You could see Joseph.

Vanquished Creatures
  The ghost of TheNamelessOne the Firebug, an amateur TeFE (D:4)
  A gnoll sergeant (D:7)
  2 sky beasts
  A black bear (D:6)
  3 ogres
  A centaur (D:7)
  A bullfrog (D:6)
  4 wights
  2 hounds (D:6)
  6 orc priests
  2 gnoll shamans (D:6)
  A centaur skeleton (D:5)
  2 iguanas
  8 orc wizards
  A worker ant (D:5)
  2 hound zombies
  A howler monkey zombie (D:6)
  7 adders
  34 gnolls
  2 howler monkey skeletons
  An adder (shapeshifter) (D:5)
  A river rat (shapeshifter) (D:6)
  A shadow imp (D:5)
  An adder zombie (D:5)
  2 oozes
  A dart slug (D:2)
  7 leopard geckos
  31 orcs
  3 ball pythons (D:2)
  5 giant cockroaches
  6 goblins
  6 hobgoblins
  23 jackals
  7 quokkas
  6 bats
  6 frilled lizards
  A jackal skeleton (D:4)
  4 kobolds
  2 leopard gecko zombies
  8 rats
204 creatures vanquished.

Vanquished Creatures (collateral kills)
  An orc warrior (D:6)
  A bullfrog (D:6)
  A scorpion (D:6)
  A hound (D:4)
  10 gnolls
14 creatures vanquished.

Vanquished Creatures (others)
  2 ogres
  A gnoll shaman (D:6)
3 creatures vanquished.

Grand Total: 221 creatures vanquished

Vault maps used:
D:1:      kilobyte_arrival_exit_the_forest
D:2:      cheibrodos_pilgrimage
D:3:      kennysheep_ying_yang, first_ration
D:4:      serial_shops, shop_coins
D:5:      minmay_temple_entry_statues_pillars, basic_altar,
          nicolae_ru_path_of_blood
D:6:      lemuel_castle_with_subvaults, basic_altar, kennysheep_generic_room_5
D:7:      gammafunk_temple_overflow_pools, uniq_joseph


Message History

Joseph hits you with an uncursed quarterstaff!
* * * LOW HITPOINT WARNING * * *
Your plate armour prevents you from hitting Joseph.
Joseph is heavily wounded.
Joseph zaps a wand.
You resist with almost no effort.
You miss Joseph.
Joseph is heavily wounded.
Joseph hits you but does no damage.
Your shield and plate armour prevent you from hitting Joseph.
Joseph is heavily wounded.
You feel less confused. You block Joseph's attack.
You closely miss Joseph.
Joseph is heavily wounded.
You block Joseph's attack.
You hit Joseph but do no damage.
Joseph is heavily wounded.
Joseph hits you with an uncursed quarterstaff!
You die...
Xom howls with laughter!

Notes
Turn   | Place    | Note
-------+----------+-------------------------------------------
     0 | D:1      | Serpenta the Mummy Chaos Knight began the quest for the Orb.
     0 | D:1      | Reached XP level 1. HP: 18/18 MP: 1/1
    95 | D:1      | XOM: silly message
   276 | D:1      | XOM: fog
   286 | D:1      | XOM: potion effect (curing)
   291 | D:1      | Reached XP level 2. HP: 18/24 MP: 2/2
   450 | D:1      | Reached skill level 1 in Shields
   911 | D:1      | XOM: god gift: runed peridot ring {god gift}
  1021 | D:2      | Reached skill level 3 in Axes
  1028 | D:2      | Reached XP level 3. HP: 29/29 MP: 3/3
  1051 | D:2      | XOM: mild Tloc miscast
  1422 | D:2      | XOM: 4-stop teleportation journey
  1818 | D:2      | XOM: harmless Conj miscast
  1864 | D:3      | Reached XP level 4. HP: 33/35 MP: 4/4
  2043 | D:3      | XOM: confuse monster(s)
  2090 | D:3      | XOM: butterfly on damage
  2328 | D:3      | XOM: divination: detect items
  2634 | D:2      | XOM: harmless Fire miscast
  2647 | D:3      | Reached XP level 5. HP: 39/41 MP: 5/5
  2699 | D:3      | XOM: cast spell 'Cause Fear'
  3321 | D:3      | Found a basalt altar of Yredelemnul.
  3431 | D:3      | XOM: medium Air miscast
  3495 | D:3      | Found a white marble altar of Elyvilon.
  3570 | D:4      | Noticed a sky beast
  3626 | D:4      | Killed a sky beast
  3626 | D:4      | Reached skill level 4 in Axes
  3626 | D:4      | Reached XP level 6. HP: 30/47 MP: 6/6
  3975 | D:4      | XOM: silly message
  3996 | D:4      | Found Ittalicw's Weapon Boutique.
  4082 | D:4      | Noticed TheNamelessOne's ghost (amateur TeFE)
  4102 | D:5      | Entered Level 5 of the Dungeon
  4534 | D:5      | Found a sacrificial altar of Ru.
  4577 | D:5      | Found a staircase to the Ecumenical Temple.
  4655 | D:5      | XOM: 2-stop teleportation journey
  4658 | D:5      | Noticed a sky beast
  4678 | D:5      | XOM: scenery: create altars
  4684 | D:5      | Killed a sky beast
  4698 | D:5      | Reached skill level 5 in Axes
  4698 | D:5      | Reached XP level 7. HP: 32/52 MP: 7/7
  4914 | D:5      | Found a sacrificial altar of Ru.
  4968 | D:5      | XOM: summons 4 hostile shadow creatures
  4973 | D:5      | XOM: mild Tmut miscast
  5005 | D:4      | XOM: fog
  5095 | D:5      | XOM: smoke on damage
  5362 | D:5      | XOM: god gift: 16 stones {god gift}
  5438 | D:5      | XOM: mild Hex miscast
  5457 | D:5      | XOM: harmless Ice miscast
  5580 | D:5      | XOM: mild Erth miscast
  5598 | D:5      | XOM: silly message
  5749 | D:6      | Found a shimmering altar of Xom.
  5830 | D:6      | XOM: divination: detect items
  5836 | D:6      | XOM: blink monster(s)
  6285 | D:6      | Reached skill level 6 in Axes
  6387 | D:6      | XOM: 1-stop teleportation journey
  6389 | D:6      | XOM: enchant monster (bad)
  6424 | D:6      | XOM: swap monsters
  6572 | D:6      | Reached XP level 8. HP: 24/58 MP: 8/8
  6588 | D:6      | Reached skill level 5 in Shields
  6902 | D:6      | XOM: 1-stop teleportation journey
  6929 | D:6      | XOM: cast spell 'Summon Horrible Things'
  6943 | D:6      | XOM: harmless Air miscast
  7094 | D:7      | XOM: summons 4 hostile demons
  7095 | D:7      | Noticed a sixfirhy
  7098 | D:7      | XOM: blink monster(s)
  7334 | D:6      | XOM: mild Air miscast
  7371 | D:6      | XOM: harmless Chrm miscast
  7374 | D:6      | Reached skill level 7 in Axes
  7425 | D:6      | XOM: harmless Chrm miscast
  7428 | D:6      | XOM: swap monsters
  7437 | D:6      | XOM: blink monster(s)
  7442 | D:6      | XOM: scenery: create altars
  7865 | D:6      | XOM: polymorph jackal -> dart slug
  8106 | D:5      | XOM: scenery: create altars
  8610 | D:6      | XOM: enchant monster (good)
  8626 | D:6      | XOM: god gift: weird smoking staff {god gift}
  8732 | D:6      | XOM: scenery: create altars
  8756 | D:5      | XOM: cloud trail
  9133 | D:2      | XOM: fog
  9298 | D:2      | You fall through a shaft for 2 floors!
  9530 | D:4      | XOM: scenery: 1 doors close
  9554 | D:4      | Killed TheNamelessOne's ghost
  9554 | D:4      | Reached skill level 8 in Axes
  9554 | D:4      | Reached XP level 9. HP: 63/63 MP: 9/9
  9664 | D:4      | Learned a level 2 spell: Blink
  9668 | D:4      | XOM: cast spell 'Monstrous Menagerie'
  9743 | D:4      | XOM: cloud trail
  9825 | D:7      | XOM: cleaving
  9853 | D:7      | Found the +9 staff of Wucad Mu {channel}
  9853 | D:7      | Identified the Grimoire of Toxic Self-Knowledge
  9876 | D:7      | HP: 2/63 [wight/enchanted great sword (21)]
 10213 | D:7      | XOM: god gift: 18 arrows {god gift}
 10237 | D:7      | XOM: summons friendly quasit
 10258 | D:7      | XOM: swap monsters
 10314 | D:7      | XOM: confusion
 10320 | D:7      | XOM: chaos upgrade
 10866 | D:7      | Noticed Joseph
 10894 | D:7      | XOM: god gift: leatherbound book {god gift}
 10894 | D:7      | XOM: butterfly on damage
 10895 | D:7      | XOM: confusion
 10898 | D:7      | HP: 1/63 [Joseph/uncursed quarterstaff (19)]
 10903 | D:7      | Mangled by Joseph
